 Dungeon Crawl Stone Soup version 0.25-a0-1133-g93ebf739aa (webtiles) character file.

Game seed: 7803299682192452503, levelgen mode: deterministic

347 Maedhros the Insei (level 6, -1/38 HPs)
             Began as an Octopode Artificer on May 22, 2020.
             Was a Plaything of Xom.
             Slain by an ogre
             ... wielding a +0 giant club
              (22 damage)
             ... on level 5 of the Dungeon.
             The game lasted 00:04:30 (793 turns).

Maedhros the Insei (Octopode Artificer)              Turns: 793, Time: 00:04:31

Health: -1/38      AC:  1    Str: 12    XL:     6   Next: 59%
Magic:  8/8        EV: 13    Int: 13    God:    Xom [..*...]
Gold:   83         SH:  0    Dex: 14    Spells: 5/5 levels left

rFire    . . .     SeeInvis .   j - +0 dagger (venom)
rCold    . . .     Gourm    .   (no shield)
rNeg     . . .     Faith    .   (helmet restricted)
rPois    .         Spirit   .   (no amulet)
rElec    .         Reflect  .   (no ring)
rCorr    .         Harm     .   (no ring)
MR       .....                  (no ring)
Stlth    ++++......             (no ring)
HPRegen  0.12/turn              (no ring)
MPRegen  0.11/turn              (no ring)
                                (no ring)
                                (no ring)

@: no status effects
A: almost no armour, stealthy swim, amphibious, 8 rings, constrict 8, camouflage
1, gelatinous body 1
a: Renounce Religion


You were on level 5 of the Dungeon.
You worshipped Xom.
You were a toy of Xom.
You were not hungry.

You visited 2 branches of the dungeon, and saw 6 of its levels.

You collected 83 gold pieces.

Inventory:

Hand Weapons
 a - a +0 short sword
 i - a +0 hunting sling
 j - a +0 dagger of venom (weapon)
Missiles
 h - 15 poisoned darts (quivered)
 n - 4 curare-tipped darts
Wands
 b - a wand of flame (14)
 c - a wand of enslavement (11)
 d - a wand of random effects (14)
Scrolls
 g - 3 scrolls of noise {unknown}
 k - a scroll of magic mapping {unknown}
 l - 2 scrolls of enchant armour {unknown}
 o - a scroll of immolation {unknown}
 p - a scroll of fog {unknown}
Potions
 e - a potion of berserk rage {unknown}
 m - a potion of heal wounds {unknown}
Comestibles
 f - 5 rations


   Skills:
 - Level 1.0 Fighting
 - Level 1.0 Short Blades
 - Level 2.0 Dodging
 - Level 4.0 Stealth
 + Level 5.7 Unarmed Combat
 - Level 3.2 Evocations


You had 5 spell levels left.
You didn't know any spells.
Your spell library was empty.

Dungeon Overview and Level Annotations

Branches:
Dungeon (5/15)             Temple (1/1) D:5

Altars:
Ashenzari
Elyvilon
Fedhas
Gozag
Hepliaklqana
Kikubaaqudgha
Makhleb
Okawaru
Qazlal
Trog
Uskayaw
Vehumet
Wu Jian
Xom
Zin
The Shining One

Annotations:
D:4 Dowan, Duvessa
D:5 Grinder


Innate Abilities, Weirdness & Mutations

You cannot wear most types of armour.
You are very stealthy in the water. (Stealth+)
You are amphibious.
You can wear up to eight rings at the same time.
You can use your tentacles to constrict eight enemies at once.
Your skin changes colour to match your surroundings (Stealth+).
Your rubbery body absorbs attacks. (AC +1, EV +1)


Message History

Your grab misses the crimson imp.
The crimson imp is moderately wounded.
A hound comes into view.
The crimson imp misses you.
The hound barks!
You hit the crimson imp.
The crimson imp looks as sick as possible!
Your grab misses the crimson imp.
The crimson imp is moderately wounded.
The crimson imp blinks!
You hit the ogre.
The ogre is lightly wounded.
The ogre hits you with a +0 giant club!
You barely miss the ogre.
The ogre is lightly wounded.
The crimson imp completely misses you.
The ogre hits you with a +0 giant club!!
Ouch! That really hurt!
You die...
Xom titters!

##### ...#
####.##############
#.................##
#.##.######.........
#.##.# #.####.###
.## #.##5## #.# #.#
.....#.#@..#####.#
*..# #..oO.....>...#
#..#
#..##h#...#######
#..#** #.# #.##.##
#..... .. #.##.#
#.#### ...... **
.....## .#.#### ...


You could see an ogre, a hound, a crimson imp (extremely poisoned) and an orc.

Vanquished Creatures
  A water moccasin (D:5)
  A crimson imp (D:5)
  A hound (D:5)
  2 orc priests
  An iguana (D:4)
  A worker ant (D:4)
  3 adders (D:2)
  A worm (D:2)
  2 leopard geckos
  4 orcs
  3 bats
  A goblin (D:2)
  2 hobgoblins (D:2)
  2 frilled lizards
  4 rats
29 creatures vanquished.

Vanquished Creatures (collateral kills)
  2 orcs (D:4)
  A ball python (D:4)
3 creatures vanquished.

Vanquished Creatures (others)
  An ogre (D:4)
1 creature vanquished.

Grand Total: 33 creatures vanquished

Notes
Turn   | Place    | Note
-------+----------+-------------------------------------------
     0 | D:1      | Maedhros the Octopode Artificer began the quest for the
                  | Orb.
     0 | D:1      | Reached XP level 1. HP: 13/13 MP: 3/3
   135 | D:2      | Reached XP level 2. HP: 15/18 MP: 4/4
   151 | D:2      | Reached XP level 3. HP: 20/23 MP: 5/5
   186 | D:2      | Reached skill level 1 in Unarmed Combat
   351 | D:4      | Reached skill level 2 in Unarmed Combat
   351 | D:4      | Reached XP level 4. HP: 19/28 MP: 6/6
   400 | D:4      | Reached skill level 3 in Unarmed Combat
   426 | D:4      | Noticed Duvessa
   429 | D:4      | Noticed Dowan
   444 | D:4      | Noticed an ogre
   469 | D:4      | Reached XP level 5. HP: 10/33 MP: 7/7
   515 | D:5      | Entered Level 5 of the Dungeon
   515 | D:5      | Noticed Grinder
   516 | D:5      | Reached skill level 4 in Unarmed Combat
   573 | D:5      | Found a staircase to the Ecumenical Temple.
   603 | Temple   | Entered the Ecumenical Temple
   629 | Temple   | Became a worshipper of Xom of Chaos
   745 | D:5      | XOM: divination: magic mapping
   751 | D:5      | Reached skill level 5 in Unarmed Combat
   751 | D:5      | Reached XP level 6. HP: 35/38 MP: 8/8
   769 | D:5      | Noticed a water moccasin
   780 | D:5      | Killed a water moccasin
   793 | D:5      | Slain by an ogre

Illustrated notes

Levels and vault maps discovered:
D:1:      shiori_arrival_oz, layout_basic
D:2:      layout_rooms
D:3:      layout_basic, nicolae_dithmenos_through_a_glass_darkly, first_ration
D:4:      layout_gridville, uniq_pikel, uniq_duvessa, uniq_blork_the_orc
D:5:      layout_loops_ring, lemuel_blue_sif_altar, nicolae_ru_path_of_blood,
          minmay_temple_entry_statues_fountains, minmay_manual_mess,
          uniq_grinder
Temple:   regret_index_temple_sphere_string

Skill      XL: |  1  2  3  4  5 |
---------------+----------------+-----
Stealth        | 3 4 |  4.0
Unarmed Combat | 2 3 5 |  5.7
Fighting       | |  1.0
Short Blades   | |  1.0
Dodging        | |  2.0
Evocations     | |  3.2

Action                   |  1- 3 |  4- 6 || total
-------------------------+-------+-------++-------
Melee: Short sword       |     7 |       ||     7
       Constrict         |    11 |     8 ||    19
       Dagger            |    30 |    45 ||    75
       Tentacles         |     4 |     8 ||    12
       Punch             |       |     2 ||     2
Throw: Dart              |     1 |       ||     1
Evoke: Wand              |       |     6 ||     6
  Use: Potion            |       |     2 ||     2
 Stab: Sleeping          |     7 |     2 ||     9
Armor: Skin              |     3 |     2 ||     5
Dodge: Dodged            |    21 |    42 ||    63

Table legend:
 A = Non-vault XP
 B = Vault XP
 C = Vault XP percentage of total XP
 D = Non-vault monster count
 E = Vault monster count
 F = Vault count percentage of total count
                 A         B        C        D         E       F
            +---------+---------+-------+---------+---------+-------
      Total |     497 |       0 |   0.0 |      33 |       0 |   0.0
            +---------+---------+-------+---------+---------+-------
        D:1 |       7 |       0 |   0.0 |       4 |       0 |   0.0
        D:2 |      57 |       0 |   0.0 |      12 |       0 |   0.0
        D:4 |     140 |       0 |   0.0 |      11 |       0 |   0.0
        D:5 |     293 |       0 |   0.0 |       6 |       0 |   0.0
            +---------+---------+-------+---------+---------+-------
